 Dungeon Crawl Stone Soup version 0.29-a0-529-gfa20dd96a1 (webtiles) character file.

Game seed: 10786806761111517180

9 hquester1 the Sneak (level 2, -7/26 HPs)
             Began as a Meteoran Delver on June 1, 2022.
             Killed from afar by Ijyb (33 damage)
             ... with a bolt of acid
             ... on level 5 of the Dungeon.
             The game lasted 00:00:23 (18 turns).

hquester1 the Sneak (Meteoran Delver)                 Turns: 18, Time: 00:00:23

Health: -7/26      AC:  3    Str: 13    XL:     2   Next: 35%
Magic:  3/3        EV: 12    Int: 11    God:
Gold:   0          SH:  0    Dex: 15    Spells: 1/1 levels left

rFire   . . .      SeeInvis .   a - +0 mace
rCold   . . .      Faith    .   (no shield)
rNeg    . . .      Spirit   .   b - +0 leather armour
rPois   .          Reflect  .   (no helmet)
rElec   .          Harm     .   (no cloak)
rCorr   .          Rampage  .   (no gloves)
Will    .....                   (no boots)
Stlth   +.........              (no amulet)
HPRegen 0.08/turn               (no ring)
MPRegen 0.08/turn               (no ring)

@: glowing
A: sense surroundings 1, otherworldly, glowing, explore regen
a: no special abilities


You were on level 5 of the Dungeon.
You visited 1 branch of the dungeon, and saw 1 of its levels.

Inventory:

Hand Weapons
 a - a +0 mace (weapon)
Armour
 b - a +0 leather armour (worn)
Wands
 g - a wand of digging (3)
Scrolls
 c - a scroll of fog
 d - a scroll of magic mapping
 e - a scroll of fear
Potions
 f - a potion of haste


   Skills:
 + Level 3.4 Fighting
 + Level 3.0 Maces & Flails
 + Level 2.7 Dodging
 + Level 3.8 Stealth


You had one spell level left.
You didn't know any spells.
Your spell library was empty.

Dungeon Overview and Level Annotations

Branches:
Dungeon (5/15)
 Temple: D:4-7

Altars:

Annotations:
D:5 Ijyb


Innate Abilities, Weirdness & Mutations

You passively map a small area around you.
You are easily found by Zot.
You glow in the dark.
You regain HP and MP as you explore.


Message History

Welcome, hquester1 the Meteoran Delver.
Are you destined to find the marvelous Orb of Zot, or to die trying?
Press ? for a list of commands and other information.
Found a stone staircase leading down.
Sorry, you're not good enough to have a special ability.
There is a stone staircase leading down here.
An adder comes into view.
The adder hisses angrily.
Found a dark potion.
Ijyb the Twisted Goblin comes into view.
She is wielding a +3 club and carrying a wand of acid (11).
You hit the adder.
The adder is severely wounded.
Ijyb shouts!
The adder barely misses you. The adder closely misses you.
You hit the adder.
You kill the adder!
Your Maces & Flails skill increases to level 3!
You have reached level 2!
Ijyb zaps a wand.
The bolt of acid hits you!!
Ouch! That really hurt!
You die...

, , * , ......# *
......#* , *,
,......# * #....#
#....# * , *
###....# *, *
#?.†..## * * *
####.@....# * *
,,, #.......#.# *
* * #.....#...# *
....!...##..#
#.#, * ,
......g.##..###.#
*
.......###...##.#
....... ##..##.#
* , , #######
#..##.# ,
##..#.#* * *


You could see Ijyb.

Vanquished Creatures
  An adder (D:5)
1 creature vanquished.

Notes
Turn   | Place    | Note
-------+----------+-------------------------------------------
     0 | D:5      | hquester1 the Meteoran Delver began the quest for the Orb.
     0 | D:5      | Reached XP level 1. HP: 19/19 MP: 2/2
    15 | D:5      | Noticed Ijyb
    18 | D:5      | Reached XP level 2. HP: 26/26 MP: 3/3
    18 | D:5      | Killed from afar by Ijyb

Illustrated notes

Levels and vault maps discovered:
D:5:      layout_basic, minmay_misc_feat_cross, uniq_blork_the_orc, uniq_ijyb,
          uniq_edmund

Skill      XL: |  1 |
---------------+----+-----
Maces & Flails | 3 |  3.0
Fighting       | |  3.4
Dodging        | |  2.7
Stealth        | |  3.8

Action                   || total
-------------------------++-------
Melee: Mace              ||     2
Dodge: Dodged            ||     2

Table legend: (Time is in decaauts)
 A = Elapsed time spent in this place.
 B = Non-inter-level travel time spent in this place.
 C = Inter-level travel time spent in this place.
 D = Time resting spent in this place.
 E = Time spent auto-exploring this place.
 F = Levels seen in this place.
 G = Mean time per level.
                   A        B        C        D        E       F      G
               +--------+--------+--------+--------+--------+-----+--------+
         Total |     18 |     18 |      0 |      0 |     13 |   1 |   18.0 |
       Dungeon |     18 |     18 |      0 |      0 |     13 |   1 |   18.0 |
               +--------+--------+--------+--------+--------+-----+--------+

Top non-repeatable levels by time:
     D:5: 18 daAuts
